 Dungeon Crawl Stone Soup version 0.27-a0-681-g0c81a3c1c3 (console) character file.

Game seed: 10969688778324231055

2154455 surr the Pyromancer (level 27, 199/199 HPs)
             Began as an Octopode Hedge Wizard on Mar 18, 2021.
             Was an Initiate of Gozag.
             Escaped with the Orb
             ... and 4 runes on Mar 19, 2021!
             The game lasted 04:24:52 (86497 turns).

surr the Pyromancer (Octopode Hedge Wizard)        Turns: 86497, Time: 04:24:52

Health: 199/199    AC: 12    Str: 12    XL:     27
Magic:  49/49      EV: 22    Int: 65    God:    Gozag
Gold:   1614       SH: 19    Dex: 15    Spells: 0/60 levels left

rFire    + + +     SeeInvis +   a - staff of fire
rCold    + + .     Faith    .   N - +2 shield of Resistance {rF++ rC++ Will++}
rNeg     + + .     Spirit   .   F - +3 hat of Pondering {ponderous, Will+ MP+10 Int+5}
rPois    +         Reflect  .   l - amulet "Afrutoj" {RegenMP rPois rN+ Int+4}
rElec    +         Harm     .   H - +6 ring of intelligence
rCorr    .         Rampage  .   D - ring of the Tortoise {AC+8}
Will     +++++                  J - ring of Vieklo Ysel {rElec rPois SInv}
Stlth    ++........             v - ring of Compulsion {*Contam rF++ rC+ Int+6}
HPRegen  0.43/turn              d - +6 ring of intelligence
MPRegen  0.56/turn              W - +6 ring of intelligence
                                c - ring of the Invisible Hand {Fire +Blink rN+ Str+3}
                                A - +6 ring of intelligence

@: studying Short Blades, slow
A: almost no armour, amphibious, 8 rings, camouflage 1, gelatinous body 1,
nimble swimmer 1, tentacles, repulsion field 1, large bone plates 1, low mp 1,
screaming 1, wild magic 1
0: Orb of Zot
}: 4/15 runes: decaying, serpentine, slimy, silver
a: Renounce Religion, Evoke Blink, Potion Petition, Call Merchant, Bribe Branch


You escaped.
You worshipped Gozag.
Gozag was most pleased with you.
You visited 10 branches of the dungeon, and saw 54 of its levels.
You also visited: Trove, Sewer, Gauntlet, Ice Cave and Volcano.

You collected 38259 gold pieces.
You spent 15199 gold pieces at shops.
You paid 21446 gold pieces to Gozag.

Inventory:

Missiles
 B - 3 curare-tipped darts (quivered)
 I - 3 throwing nets
Armour
 F - the +3 hat of Pondering (worn) {ponderous, Will+ MP+10 Int+5}
   (You took it off Gastronok on level 1 of the Lair of Beasts)

   It affects your intelligence (+5).
   It affects your willpower, your defense against some magical effects.
   It affects your magic capacity (+10).
 N - the +2 shield of Resistance (worn) {rF++ rC++ Will++}
   (You bought it in a shop on level 2 of the Depths)

   It greatly protects you from fire.
   It greatly protects you from cold.
   It affects your willpower, your defense against some magical effects.
Magical Staves
 a - a staff of fire (weapon)
 b - a staff of conjuration
Jewellery
 c - the ring of the Invisible Hand (on tentacle) {Fire +Blink rN+ Str+3}
   (You took it off a deep elf high priest on level 3 of the Elven Halls)

   [ring of fire]

   It enhances your fire magic.
   It affects your strength (+3).
   It protects you from fire.
   It makes you vulnerable to cold.
   It protects you from negative energy.
   It lets you blink.
 d - a +6 ring of intelligence (on tentacle)
 k - the ring "Paofyobb" {Fire Dex+5}
   (You found it on level 5 of the Pits of Slime)

   [ring of fire]

   It enhances your fire magic.
   It affects your dexterity (+5).
   It protects you from fire.
   It makes you vulnerable to cold.
 l - the amulet "Afrutoj" (around mantle) {RegenMP rPois rN+ Int+4}
   (You found it on level 2 of the Vaults)

   [amulet of magic regeneration]

   It increases your magic regeneration.
   It affects your intelligence (+4).
   It protects you from poison.
   It protects you from negative energy.
 v - the ring of Compulsion (on tentacle) {*Contam rF++ rC+ Int+6}
   (You bought it in a shop on level 5 of the Depths)

   [ring of intelligence]

   It affects your intelligence (+6).
   It greatly protects you from fire.
   It protects you from cold.
   It causes magical contamination when unequipped.
 A - a +6 ring of intelligence (on tentacle)
 D - the ring of the Tortoise (right tentacle) {AC+8}
   (You bought it in a shop on level 4 of the Dungeon)

   [ring of protection]

   It affects your AC (+8).
 H - a +6 ring of intelligence (left tentacle)
 J - the ring of Vieklo Ysel (on tentacle) {rElec rPois SInv}
   (You found it in a Gauntlet)

   [ring of poison resistance]

   It insulates you from electricity.
   It protects you from poison.
   It lets you see invisible.
 L - the ring of the Hero {rCorr Str+2 Dex+6}
   (You bought it in a shop on level 2 of the Snake Pit)

   [ring of resist corrosion]

   It affects your strength (+2).
   It affects your dexterity (+6).
   It provides partial protection from all sources of acid and corrosion.
 W - a +6 ring of intelligence (on tentacle)
Wands
 i - a wand of iceblast (57)
 y - a wand of charming (21)
 G - a wand of acid (24)
 Q - a wand of mindburst (108)
 X - a wand of digging (16)
Scrolls
 f - 11 scrolls of fear
 g - 29 scrolls of teleportation
 m - 7 scrolls of magic mapping
 o - 4 scrolls of holy word
 r - 6 scrolls of immolation
 t - 3 scrolls of summoning
 u - 13 scrolls of blinking
 E - 11 scrolls of fog
 U - 30 scrolls of identify
Potions
 e - 30 potions of curing
 h - 4 potions of magic
 j - 17 potions of heal wounds
 n - 6 potions of might
 q - 3 potions of cancellation
 s - 8 potions of haste
 x - 15 potions of brilliance
 O - 6 potions of resistance
 Y - 5 potions of mutation
 Z - 4 potions of ambrosia
Miscellaneous
 p - a tin of tremorstones (2/2)
 K - a phial of floods
 M - a box of beasts
 S - a phantom mirror
 T - a lightning rod (4/4)
 V - a condenser vane


   Skills:
 + Level 19.3 Fighting
 - Level 12.0 Staves
 - Level 14.0 Dodging
 - Level 9.1 Stealth
 - Level 15.0 Shields
 - Level 17.0 Spellcasting
 - Level 21.7 Conjurations
 - Level 2.1 Summonings
 - Level 2.0 Translocations
 - Level 22.5 Fire Magic
 - Level 3.0 Air Magic
 * Level 21.4 Earth Magic
 - Level 6.0 Poison Magic
 - Level 14.0 Evocations


You couldn't memorise any spells.
You knew the following spells:

 Your Spells              Type           Power      Damage    Failure   Level
a - Ignition              Fire           100%       3d25      1%          8
b - Bolt of Magma         Conj/Fire/Erth 100%       4d37      1%          5
c - Lehudib's Crystal Sp  Conj/Erth      82%        10d18     1%          8
h - Shatter               Erth           81%        3d59*     4%          9
i - Iron Shot             Conj/Erth      82%        9d15      1%          6
k - Blink                 Tloc           N/A        N/A       1%          2
o - Orb of Destruction    Conj           82%        9d20      1%          7
s - Fire Storm            Conj/Fire      100%       8d25      3%          9
u - Starburst             Conj/Fire      100%       8x6d25    1%          6

Your spell library contained the following spells:

 Spells                   Type           Power      Damage    Failure   Level
 Animate Skeleton         Necr           100%       N/A       1%          1
 Apportation              Tloc           100%       N/A       1%          1
 Beastly Appendage        Tmut           100%       N/A       1%          1
 Corona                   Hex            71%        N/A       1%          1
 Freeze                   Ice            100%       1d11      1%          1
 Magic Dart               Conj           100%       1d8       1%          1
 Shock                    Conj/Air       100%       1d9       1%          1
 Sting                    Tmut/Pois      100%       1d8       1%          1
 Summon Small Mammal      Summ           100%       N/A       1%          1
 Call Imp                 Summ           82%        N/A       1%          2
 Corpse Rot               Necr/Air       N/A        N/A       1%          2
 Ensorcelled Hibernation  Hex/Ice        100%       N/A       1%          2
 Passwall                 Tmut/Erth      100%       N/A       1%          2
 Poisonous Vapours        Pois/Air       100%       N/A       1%          2
 Slow                     Hex            64%        N/A       1%          2
 Sublimation of Blood     Necr           32%        N/A       1%          2
 Swiftness                Air            89%        N/A       1%          2
 Call Canine Familiar     Summ           82%        N/A       1%          3
 Confusing Touch          Hex            64%        N/A       1%          3
 Conjure Flame            Conj/Fire      100%       6-21      1%          3
 Dazzling Flash           Conj/Hex       100%       N/A       1%          3
 Frozen Ramparts          Ice            100%       1d12      1%          3
 Ignite Poison            Fire/Tmut/Pois 100%       N/A       1%          3
 Inner Flame              Hex/Fire       100%       N/A       1%          3
 Mephitic Cloud           Conj/Pois/Air  100%       N/A       1%          3
 Ozocubu's Armour         Ice            64%        N/A       1%          3
 Portal Projectile        Hex/Tloc       100%       N/A       1%          3
 Spider Form              Tmut/Pois      44%        N/A       1%          3
 Static Discharge         Conj/Air       100%       N/A       1%          3
 Summon Guardian Golem    Hex/Summ       74%        N/A       1%          3
 Tukima's Dance           Hex            64%        N/A       1%          3
 Vampiric Draining        Necr           32%        2d10      1%          3
 Airstrike                Air            44%        N/A       1%          4
 Hailstorm                Conj/Ice       100%       3d20      1%          4
 Leda's Liquefaction      Hex/Erth       64%        N/A       1%          4
 Passage of Golubria      Tloc           N/A        N/A       1%          4
 Petrify                  Tmut/Erth      100%       N/A       1%          4
 Summon Lightning Spire   Summ/Air       86%        N/A       1%          4
 Borgnjor's Vile Clutch   Necr/Erth      64%        N/A       1%          5
 Fireball                 Conj/Fire      100%       3d36      1%          5
 Irradiate                Conj/Tmut      65%        3d35      1%          5
 Iskenderun's Battlesphe  Conj           100%       2d15      1%          5
 Lee's Rapid Deconstruct  Erth           81%        3d37*     1%          5
 Lightning Bolt           Conj/Air       68%        1d92      1%          5
 Conjure Ball Lightning   Conj/Air       68%        3x3d25    1%          6
 Freezing Cloud           Conj/Ice/Air   59%        6-21      1%          6
 Statue Form              Tmut/Erth      86%        N/A       1%          6
 Summon Ice Beast         Ice/Summ       74%        N/A       2%          4
 Alistair's Intoxication  Tmut/Pois      59%        N/A       2%          5
 Spellforged Servitor     Conj/Summ      67%        N/A       2%          7
 Animate Dead             Necr           32%        N/A       3%          4
 Cause Fear               Hex            32%        N/A       3%          4
 Dispel Undead            Necr           64%        3d22      3%          4
 Silence                  Hex/Air        38%        N/A       4%          5
 Agony                    Necr           64%        N/A       7%          5
 Excruciating Wounds      Necr           32%        N/A       7%          5
 Chain Lightning          Conj/Air       68%        N/A       10%         8
 Eringya's Noxious Bog    Tmut/Pois      44%        N/A       11%         6
 Shadow Creatures         Summ           N/A        N/A       14%         6
 Invisibility             Hex            64%        N/A       32%         6
 Simulacrum               Ice/Necr       32%        N/A       32%         6
 Borgnjor's Revivificati  Necr           32%        N/A       100%        8
 Infestation              Necr           32%        N/A       100%        8
 Necromutation            Tmut/Necr      32%        N/A       100%        8
 Absolute Zero            Ice            32%        ∞         100%        9
 Death's Door             Necr           32%        N/A       100%        9
 Tornado                  Air            44%        N/A       100%        9
 Animate Armour           Summ/Erth      Unusable   N/A       N/A         4

Dungeon Overview and Level Annotations

Branches:
Dungeon (15/15)            Temple (0/1) D:6            Lair (6/6) D:9
  Swamp (4/4) Lair:2        Snake (4/4) Lair:2        Slime (5/5) Lair:5
    Orc (2/2) D:9             Elf (3/3) Orc:2        Vaults (5/5) D:14
  Crypt (0/3) Vaults:3     Depths (5/5) D:15            Zot (5/5) Depths:5
  Sewer (visited)           IceCv (visited)         Volcano (visited)
Gauntlet (visited)

Altars:
Cheibriados
Dithmenos
Elyvilon
Fedhas
Gozag
Hepliaklqana
Kikubaaqudgha
Makhleb
Okawaru
Qazlal
Ru
Trog
Uskayaw
Yredelemnul
Zin
Beogh
Jiyva

Shops:
D:4 =   D:9 [(:   D:11 :   D:14 :[??*   D:15 [:!   Orc:1 :!*   Orc:2 ([?=
Elf:1 :   Elf:2 :   Lair:2 *   Snake:2 [***   Slime:2 ?   Vaults:4 ?(*:
Vaults:5 ?!   Depths:2 *   Depths:5 :(==

Portals:
Hell: Depths:1 Depths:2 Depths:3 Depths:4 Depths:5
Abyss: Depths:1 Depths:4 Depths:5
Pandemonium: Depths:1 Depths:2 Depths:3 Depths:4
Ziggurat: Depths:1

Annotations:
D:4 Grinder
Lair:4 exclusion: downstairs
Lair:5 exclusion: 2 downstairs
Slime:4 exclusion: shining eye
Orc:1 exclusion: 2 downstairs


Innate Abilities, Weirdness & Mutations

You cannot wear most types of armour.
You are amphibious.
You can wear up to eight rings at the same time.
Your skin changes colour to match your surroundings (Stealth+).
Your rubbery body absorbs attacks. (AC +1, EV +1)
You are stealthy while swimming. (Stealth+)
You have tentacles for arms and can constrict up to eight enemies at once.
You are surrounded by a mild repulsion field. (EV +2)
You are partially covered in large bone plates. (SH +4)
Your magical capacity is low. (-10% MP)
You occasionally shout uncontrollably at your foes.
Your spells are a little harder to cast, but a little more powerful.


Message History

The Orb Guardian is severely wounded.
You block the Orb Guardian's attack. You block the Orb Guardian's attack.
Things that are here:
16 arrows; a +0 shortbow The Orb Guardian hits you!!
There is a stone staircase leading up, spattered with blood here.
You see here a potion of degeneration.
Casting: Lehudib's Crystal Spear (mildly dangerous; 1% risk of failure)
Confirm with . or Enter, or press ? or * to list all spells.
Aiming: Lehudib's Crystal Spear (mildly dangerous; 1% risk of failure)
Press: ? - help, Shift-Dir - straight line, f/p - Orb Guardian
Aim: an Orb Guardian (severely wounded, 20% to evade)
The crystal spear hits the Orb Guardian!!!!
You kill the Orb Guardian!
The Brimstone Fiend gestures at you.
The sphere of damnation explodes!
The damnation engulfs you!!!
You climb upwards.
There is a stone staircase leading down here.
You feel much better.
You feel much better.
You feel much better.
There is a stone staircase leading up here.
You climb upwards.
Level annotation: Grinder
There is a stone staircase leading down here.
There is a stone staircase leading up here.
You climb upwards.
There is a stone staircase leading down here.
There is a stone staircase leading up here.
You climb upwards.
There is a stone staircase leading down here.
A large abomination comes into view.
You can't go up here!
There is a stone staircase leading up here.
You climb upwards.
There is a stone staircase leading down here.
HP restored.
There is a staircase leading out of the dungeon here.
You have escaped!

#≈≈≈≈≈≈≈≈≈≈≈.#.......#####
#≈≈≈≈≈≈≈≈≈≈≈.#...........#
#≈≈≈≈≈≈≈≈≈≈..#.##.####.#.#
#≈≈≈≈≈≈≈≈≈≈..#.##.# ##....
#≈≈≈≈≈≈≈≈≈.....##.# #.....
#≈≈≈≈≈≈≈≈....####.###.....
#≈≈≈≈≈≈......##........#.#
#≈≈≈≈...##.####.#..###.#.#
#≈≈.....#@.# #.##.#......
#≈.........# #.##[#.#.#.#
#≈...##.##.# #.##.#.#...#
#....##.##.# #..#.#.###..
#....##.##.# ###.#.#.....#
####.##.##.# #....)......#
#.##.##.###.#.#.####..#
#..................#..#
#..............###(#..#


There were no monsters in sight!

Vanquished Creatures
  the Royal Jelly (Slime:5)
  2 dread liches
  3 ancient liches
  6 orbs of fire
  2 juggernauts (Depths:5)
  Frederick (Vaults:4)
  3 Killer Klowns (Zot:5)
  Margery (Depths:5)
  2 curse toes
  A caustic shrike (Depths:5)
  Nikola (Elf:1)
  9 golden dragons
  Jory (Vaults:5)
  9 electric golems
  Jorgrun (Snake:3)
  29 Orb Guardians
  2 liches
  A Hell Sentinel (D:7)
  The ghost of Qoinem the Severer, an adept DDFi of Okawaru (Vaults:2)
  17 tentacled monstrosities
  2 deep elf blademasters (Elf:3)
  A quicksilver dragon (shapeshifter) (Vaults:5)
  4 titans
  13 quicksilver dragons
  6 sphinxes
  Gastronok (Lair:1)
  A deep elf master archer (Elf:3)
  An Executioner (Depths:4)
  23 acid blobs
  The ghost of psellion the Scorcher, an adept DrIE of Vehumet (Swamp:4)
  Frances (D:13)
  Agnes (Snake:4)
  4 thorn hunters
  7 shadow dragons
  Kirke (D:14)
  8 death cobs
  9 tengu reavers
  4 draconian monks
  21 nagarajas
  10 rockslimes
  14 azure jellies
  11 storm dragons
  2 fenstrider witches
  2 daevas
  7 fire giants
  6 draconian scorchers
  7 draconian knights
  5 draconian shifters
  A cacodemon (Depths:3)
  8 frost giants
  2 iron dragons
  3 ghost moths
  10 deep elf sorcerers
  Aizul (Snake:2)
  10 vault wardens
  A balrug (D:6)
  3 orc warlords
  17 very ugly things
  3 draconian stormcallers
  4 deep elf elementalists
  6 quicksilver oozes
  2 angels
  7 draconian annihilators
  14 ironbound preservers
  3 war gargoyles
  15 stone giants
  10 vampire knights
  A black sun (Depths:4)
  7 green draconians
  8 black draconians
  A minotaur (Gauntlet)
  8 deep elf demonologists
  7 yellow draconians
  10 white draconians
  16 deep elf annihilators
  6 bunyips
  12 purple draconians
  Azrael (Elf:1)
  5 spark wasps
  A lorocyproca (Depths:4)
  A bunyip (shapeshifter) (Vaults:5)
  11 red draconians
  2 eleionomae
  9 deep elf death magi
  4 eidola (Depths:3)
  2 crystal guardians (Vaults:4)
  A merfolk javelineer (Depths:5)
  13 ettins
  3 deep elf high priests (Elf:3)
  5 shambling mangroves
  A green death (Depths:2)
  6 jiangshi
  Fannar (Orc:1)
  5 boulder beetles
  16 yaktaur captains
  16 great orbs of eyes
  8 fire dragons
  5 rakshasas
  30 naga warriors
  Erolcha (D:13)
  31 vault guards
  2 peacekeepers
  A ghost crab (Swamp:3)
  8 ironbound thunderhulks
  9 ironbound frosthearts
  An anaconda (shapeshifter) (Vaults:5)
  9 ice dragons
  7 spriggan air magi
  7 centaur warriors
  A catoblepas (Lair:5)
  27 hydras
  8 anacondas
  6 alligators
  Erica (D:9)
  3 deep troll earth magi
  7 orc high priests
  6 shock serpents
  3 spriggan berserkers
  3 vampire magi (Depths:4)
  4 deep troll shamans
  A queen ant (D:10)
  14 naga sharpshooters
  9 tengu warriors
  5 two-headed ogres
  5 ironbound beastmasters
  5 spriggans
  3 soul eaters
  2 sun demons
  20 hell knights
  The ghost of funkygono the Basher, a novice GrFi of Trog (Lair:1)
  A salamander mystic (Snake:4)
  21 deep elf knights
  3 iron trolls
  2 shadow wraiths (Depths:3)
  6 skeletal warriors
  5 goliath frogs
  2 torturous demonspawn
  A fire crab (Volcano)
  A sixfirhy (Depths:3)
  A goliath frog (shapeshifter) (Depths:5)
  A death drake (Swamp:4)
  A spectral hydra (Depths:3)
  11 glowing orange brains
  4 flayed ghosts
  A glowing orange brain (shapeshifter) (Depths:2)
  10 naga ritualists
  3 unseen horrors
  35 deep trolls
  14 deep elf archers
  3 spriggan druids
  9 bog bodies
  14 wizards
  23 ironbound convokers
  9 lindwurms
  2 orange crystal statues (Depths:3)
  12 phantasmal warriors
  18 swamp dragons
  3 necromancers
  40 deep elf pyromancers
  5 mana vipers
  35 ugly things
  2 fire giant zombies (Depths:4)
  9 harpies
  7 orc sorcerers
  15 orc knights
  An oklob plant (Lair:3)
  7 shining eyes
  33 deep elf zephyrmancers
  3 manticores
  4 will-o-the-wisps
  5 frost giant zombies (Depths:4)
  5 cyclopes
  A guardian serpent (shapeshifter) (Elf:3)
  5 salamanders
  Joseph (Lair:1)
  24 moths of wrath
  A black mamba (shapeshifter) (Elf:2)
  A stone giant skeleton (Vaults:3)
  33 black mambas
  6 guardian serpents
  16 naga magi
  18 elephants
  2 molten gargoyles (Volcano)
  A toenail golem (D:8)
  5 eyes of devastation
  2 orange demons (Depths:3)
  A rust devil (Depths:4)
  20 vault sentinels
  2 ice statues (IceCv)
  10 komodo dragons
  A rime drake (shapeshifter) (D:14)
  A hellion (Depths:5)
  2 kobold demonologists (D:14)
  4 rime drakes
  21 cane toads
  A hellwing (Depths:2)
  6 tengu conjurers
  2 freezing wraiths
  An ice devil (Gauntlet)
  A redback zombie (D:15)
  23 yaktaurs
  A guardian mummy (D:12)
  15 polar bears
  A queen bee (D:15)
  9 trolls
  A merfolk (shapeshifter) (Vaults:5)
  5 bloated husks
  3 meliai (D:15)
  13 tyrant leeches
  3 raiju (Depths:3)
  7 hornets
  99 slime creatures
  15 blink frogs
  A slime creature (shapeshifter) (Elf:3)
  Sigmund (D:3)
  A centaur simulacrum (D:15)
  6 flying skulls (Depths:4)
  3 air elementals (Elf:1)
  13 wraiths
  78 yaks
  6 vampires
  6 wyverns
  3 fire bats (Volcano)
  14 shadows
  20 water elementals
  A ynoxinul (Depths:2)
  5 basilisks
  2 hogs (D:14)
  13 golden eyes
  10 fire elementals
  2 neqoxecs
  10 vampire mosquitoes
  A chaos spawn (Depths:4)
  2 steam dragons
  15 swamp worms
  A redback simulacrum (D:15)
  A minotaur simulacrum (Depths:3)
  10 wargs
  61 nagas
  8 soldier ants (D:10)
  A hydra simulacrum (Depths:3)
  An acid dragon (D:15)
  18 hell hounds
  7 swamp drakes
  17 water moccasins
  3 spectral spriggans (Depths:3)
  4 ice beasts
  2 floating eyes
  30 orc warriors
  6 sky beasts
  A black bear (D:9)
  A human zombie (Vaults:3)
  A necrophage (D:8)
  5 ogres
  52 wolves
  A snapping turtle zombie (Depths:3)
  A phantom (D:6)
  13 centaurs
  4 kobold brigands
  36 bullfrogs
  A human simulacrum (Vaults:3)
  A gnoll sergeant (D:9)
  4 earth elementals
  A water moccasin zombie (D:6)
  A scorpion (D:10)
  4 spectral ogres (Depths:3)
  2 spectral nagas (Depths:3)
  14 killer bees
  A spectral wolf (Depths:4)
  10 wights
  3 howler monkeys
  4 spectral centaurs (Depths:3)
  11 electric eels
  9 crimson imps
  A lava snake (Volcano)
  A wyvern simulacrum (D:12)
  14 jellies
  3 bullfrog zombies
  7 quasits
  4 centaur zombies
  17 orc priests
  4 bullfrog skeletons
  7 hounds
  10 centaur skeletons
  22 worker ants
  5 iguanas
  17 orc wizards
  A spriggan simulacrum (Depths:3)
  A troll simulacrum (Depths:3)
  A hound zombie (D:7)
  A worker ant zombie (D:6)
  A howler monkey skeleton (D:7)
  10 gnolls
  16 adders
  2 river rats (Sewer)
  4 shadow imps
  8 white imps
  2 ufetubi
  4 oozes
  4 adder skeletons
  An adder zombie (D:8)
  4 worms
  3 dart slugs
  6 leopard geckos
  61 orcs
  6 ball pythons
  6 giant cockroaches
  13 goblins
  7 hobgoblins
  16 jackals
  3 quokkas
  12 bats
  7 frilled lizards
  29 kobolds
  29 rats
  5 briar patches (Swamp:4)
  31 fire vortices
  2 plants (Depths:3)
2561 creatures vanquished.

Vanquished Creatures (collateral kills)
  Saint Roka (Orc:2)
  A shadow dragon (Zot:3)
  An ice dragon (Depths:5)
  Josephine (Lair:5)
  A jiangshi (Depths:4)
  A great orb of eyes (Depths:3)
  A moth of wrath (Zot:3)
  2 komodo dragons
  2 wraiths (Lair:5)
  3 yaks (Lair:1)
  A soldier ant (D:10)
  Edmund (D:4)
  An ice beast (D:5)
  A wolf (Lair:4)
  A bullfrog (Lair:1)
  A troll simulacrum (Depths:3)
  2 worms (D:2)
  9 orcs
31 creatures vanquished.

Vanquished Creatures (others)
  A war gargoyle (Vaults:4)
  A shambling mangrove (Swamp:4)
  31 dancing weapons
  A bloated husk (Swamp:1)
  4 humans (D:14)
  A bullfrog (D:14)
  An orc priest (Orc:2)
  2 orcs
  202 fire vortices
  6 foxfires
  48 fungi
  144 plants
442 creatures vanquished.

Grand Total: 3034 creatures vanquished

Notes
Turn   | Place    | Note
-------+----------+-------------------------------------------
     0 | D:1      | surr the Octopode Hedge Wizard began the quest for the Orb.
     0 | D:1      | Reached XP level 1. HP: 11/11 MP: 4/4
    54 | D:1      | Found a hide-covered altar of Uskayaw.
   355 | D:1      | Reached XP level 2. HP: 17/17 MP: 0/6
  1080 | D:1      | Reached XP level 3. HP: 21/21 MP: 4/7
  1106 | D:1      | Learned a level 3 spell: Mephitic Cloud
  1109 | D:1      | Learned a level 2 spell: Call Imp
  1113 | D:1      | Learned a level 3 spell: Conjure Flame
  1917 | D:2      | Reached XP level 4. HP: 16/27 MP: 2/9
  2128 | D:2      | Reached skill level 1 in Poison Magic
  2563 | D:2      | Reached skill level 1 in Air Magic
  3960 | D:3      | Reached XP level 5. HP: 24/31 MP: 3/10
  4034 | D:3      | Found a stormy altar of Qazlal.
  4386 | D:3      | Reached skill level 1 in Fire Magic
  4555 | D:3      | Noticed Sigmund
  4569 | D:3      | Killed Sigmund
  4570 | D:3      | Reached XP level 6. HP: 33/36 MP: 1/11
  4576 | D:3      | Learned a level 2 spell: Blink
  5256 | D:4      | Found Dyrepisu's Jewellery Shoppe.
  5415 | D:4      | Found an opulent altar of Gozag.
  5416 | D:4      | Found a glowing silver altar of Zin.
  5429 | D:4      | Became a worshipper of Gozag Ym Sagoz the Greedy
  5505 | D:4      | Reached skill level 1 in Fighting
  5505 | D:4      | Reached XP level 7. HP: 43/43 MP: 4/13
  5510 | D:4      | Identified the -6 pair of boots of the World {*Drain rF+
                  | Regen+}
  5911 | D:4      | Noticed Grinder
  6149 | D:4      | Noticed Edmund
  6163 | D:4      | Killed Edmund
  6460 | D:5      | Entered Level 5 of the Dungeon
  7078 | D:5      | Reached XP level 8. HP: 48/51 MP: 8/15
  7173 | D:5      | Reached skill level 5 in Spellcasting
  7368 | D:5      | Found a snail-covered altar of Cheibriados.
  8331 | D:5      | Reached skill level 5 in Poison Magic
  8371 | D:5      | Found a sacrificial altar of Ru.
  8519 | D:6      | Reached skill level 5 in Conjurations
  8740 | D:6      | Found a glowing drain.
  8761 | Sewer    | Entered a sewer
  9739 | D:6      | Reached XP level 9. HP: 47/58 MP: 17/17
 10419 | D:6      | Found a staircase to the Ecumenical Temple.
 10720 | D:7      | Reached skill level 5 in Fighting
 11997 | D:7      | Reached skill level 5 in Stealth
 12226 | D:4      | Bought the ring of the Tortoise {AC+8} for 1280 gold pieces
 12226 | D:4      | Found the ring of the Tortoise {AC+8}
 12688 | D:8      | Noticed a two-headed ogre
 12694 | D:8      | Noticed a two-headed ogre
 12714 | D:8      | Killed a two-headed ogre
 12715 | D:8      | Reached skill level 5 in Dodging
 12715 | D:8      | Reached XP level 10. HP: 69/69 MP: 3/19
 12732 | D:8      | Killed a two-headed ogre
 13201 | D:8      | Found a bloodstained altar of Trog.
 13295 | D:8      | Found a basalt altar of Yredelemnul.
 13834 | D:9      | Found a staircase to the Orcish Mines.
 13978 | D:9      | Found a staircase to the Lair.
 14077 | D:9      | Noticed Erica
 14156 | D:9      | Found Arra's Armour Boutique.
 14307 | D:9      | Found a faded altar of an unknown god.
 14307 | D:9      | Found a shadowy altar of Dithmenos.
 14315 | D:9      | Found a white marble altar of Elyvilon.
 14317 | D:9      | Found an ancient bone altar of Kikubaaqudgha.
 14319 | D:9      | Found an iron altar of Okawaru.
 14400 | D:9      | Reached skill level 1 in Evocations
 14810 | Orc:1    | Entered Level 1 of the Orcish Mines
 14810 | Orc:1    | Noticed an orc knight
 14850 | Lair:1   | Entered Level 1 of the Lair of Beasts
 14867 | Lair:1   | Noticed Joseph
 14900 | Lair:1   | Noticed a cane toad
 14909 | Lair:1   | Killed a cane toad
 14910 | Lair:1   | Reached XP level 11. HP: 77/77 MP: 13/20
 14915 | Lair:1   | Killed Joseph
 15074 | Lair:1   | Found a runed translucent gate.
 15075 | Lair:1   | Found a runed translucent gate.
 15076 | Lair:1   | Found a runed translucent gate.
 15083 | Lair:1   | Noticed a six-headed hydra
 15083 | Lair:1   | Noticed funkygono's ghost (novice GrFi)
 15193 | Lair:1   | Noticed a four-headed hydra
 15259 | Lair:1   | Noticed Gastronok
 15278 | Lair:1   | Killed Gastronok
 15279 | Lair:1   | Reached skill level 5 in Evocations
 16098 | Lair:2   | Found a staircase to the Snake Pit.
 16386 | Lair:2   | Reached XP level 12. HP: 67/87 MP: 11/21
 16603 | Lair:2   | Found a staircase to the Swamp.
 16619 | Lair:2   | Noticed a six-headed hydra
 16627 | Lair:2   | Killed a six-headed hydra
 16628 | Lair:2   | Reached skill level 10 in Fighting
 16675 | Lair:2   | Noticed a six-headed hydra
 16688 | Lair:2   | Killed a six-headed hydra
 18319 | Lair:4   | Found a dark tunnel.
 18330 | Volcano  | Entered a volcano
 18432 | Volcano  | Found a bloodstained altar of Trog.
 18434 | Volcano  | Reached skill level 10 in Dodging
 18683 | Lair:4   | Reached XP level 13. HP: 73/92 MP: 7/22
 18786 | Lair:4   | Reached skill level 10 in Conjurations
 19762 | Lair:5   | Noticed Josephine
 20100 | D:9      | Bought the Compendium of Dusty Flames for 794 gold pieces
 20100 | D:9      | Bought a manual of Fire Magic for 1324 gold pieces
 20106 | D:9      | Learned a level 5 spell: Fireball
 20113 | D:9      | Learned a level 6 spell: Starburst
 20151 | D:10     | Entered Level 10 of the Dungeon
 20225 | D:10     | Reached skill level 2 in Fire Magic
 20240 | D:10     | Reached skill level 3 in Fire Magic
 20259 | D:10     | Reached skill level 4 in Fire Magic
 20453 | D:10     | Reached skill level 5 in Fire Magic
 21088 | D:11     | Reached skill level 6 in Fire Magic
 21141 | D:11     | Found Lorenast's Book Boutique.
 21290 | D:11     | Found a blossoming altar of Fedhas.
 21305 | D:11     | Reached skill level 7 in Fire Magic
 21363 | D:11     | Reached skill level 8 in Fire Magic
 21643 | D:4      | Bought a +6 ring of intelligence for 585 gold pieces
 21858 | Lair:1   | Reached skill level 9 in Fire Magic
 21897 | Lair:1   | Killed funkygono's ghost
 22053 | Lair:1   | Reached skill level 10 in Fire Magic
 22336 | Lair:5   | Reached skill level 11 in Fire Magic
 22357 | Lair:5   | Killed Josephine
 22462 | Lair:5   | Found a runed translucent door.
 22462 | Lair:5   | Found a viscous altar of Jiyva.
 22469 | Lair:5   | Found a staircase to the Slime Pits.
 22501 | Lair:5   | Reached skill level 12 in Fire Magic
 22501 | Lair:5   | Reached XP level 14. HP: 87/99 MP: 2/23
 22779 | Lair:5   | Reached skill level 13 in Fire Magic
 23384 | Lair:6   | Entered Level 6 of the Lair of Beasts
 23841 | Lair:6   | Reached skill level 14 in Fire Magic
 24795 | Lair:6   | Reached skill level 1 in Shields
 24928 | Lair:6   | Reached skill level 1 in Staves
 26258 | D:11     | Bought a manual of Fighting for 1545 gold pieces
 26309 | D:9      | Killed Erica
 26528 | Orc:1    | Reached XP level 15. HP: 66/105 MP: 9/25
 26530 | Orc:1    | Noticed Fannar
 26677 | Orc:1    | Killed Fannar
 26789 | Orc:1    | Found Xext's Book Emporium.
 26847 | Orc:1    | Found Fieso's Distillery.
 27072 | Orc:1    | Found Barocs's Assorted Antiques.
 27159 | Orc:2    | Entered Level 2 of the Orcish Mines
 27165 | Orc:2    | Noticed Saint Roka
 28390 | D:12     | Upgraded the game from 0.27-a0-679-g77a6b55cf3 to
                  | 0.27-a0-681-g0c81a3c1c3
 28513 | D:12     | Found a portal to a secret trove of treasure.
 28592 | D:12     | You fall into a shaft and drop 2 floors!
 28650 | D:13     | Reached skill level 5 in Shields
 28660 | D:13     | Noticed Frances
 28674 | D:13     | Killed Frances
 28711 | D:13     | Found a frozen archway.
 28813 | IceCv    | Entered an ice cave
 29493 | IceCv    | Reached skill level 5 in Staves
 29572 | IceCv    | Noticed a frost giant
 29577 | IceCv    | Killed a frost giant
 30117 | D:13     | Noticed Erolcha
 30122 | D:13     | Killed Erolcha
 30949 | D:13     | Gained mutation: You are covered in fur. (AC +1) [potion of
                  | mutation]
 30949 | D:13     | Gained mutation: Your flesh is cold resistant. (rC+)
                  | [potion of mutation]
 30967 | D:14     | Noticed Kirke
 30972 | D:14     | Killed Kirke
 31299 | D:14     | Found a gate to the Vaults.
 31306 | D:14     | Reached XP level 16. HP: 82/120 MP: 5/26
 31698 | D:14     | Found a hazy altar of Hepliaklqana.
 31881 | D:14     | Reached skill level 15 in Fighting
 32108 | D:15     | Entered Level 15 of the Dungeon
 32110 | D:15     | Found a gate leading to a gauntlet.
 32129 | Gauntlet | Entered a Gauntlet
 32129 | Gauntlet | Found a transporter.
 32139 | Gauntlet | Found a transporter.
 32141 | Gauntlet | Found a transporter.
 32162 | Gauntlet | Found a transporter.
 32171 | Gauntlet | Found a transporter.
 32179 | Gauntlet | Found a transporter.
 32199 | Gauntlet | Found a transporter.
 32213 | Gauntlet | Found a transporter.
 32243 | Gauntlet | Found a transporter.
 32255 | Gauntlet | Found a transporter.
 32267 | Gauntlet | Found a transporter.
 32347 | Gauntlet | Found a transporter.
 32365 | Gauntlet | Found a transporter.
 32383 | Gauntlet | Found a transporter.
 32385 | Gauntlet | Found a transporter.
 32387 | Gauntlet | Found a runed translucent gate.
 32387 | Gauntlet | Found a runed translucent gate.
 32387 | Gauntlet | Found a runed translucent gate.
 32388 | Gauntlet | Found a large runed translucent door.
 32388 | Gauntlet | Found a large runed translucent door.
 32390 | Gauntlet | Found a large runed translucent door.
 32391 | Gauntlet | Found a large runed translucent door.
 32397 | Gauntlet | Found a large runed translucent door.
 32397 | Gauntlet | Found a large runed translucent door.
 32398 | Gauntlet | Found a large runed translucent door.
 32398 | Gauntlet | Found a large runed translucent door.
 32400 | Gauntlet | Found a large runed translucent door.
 32400 | Gauntlet | Found a large runed translucent door.
 32400 | Gauntlet | Found a runed translucent door.
 32400 | Gauntlet | Found a runed translucent door.
 32401 | Gauntlet | Found a large runed translucent door.
 32402 | Gauntlet | Found a large runed translucent door.
 32453 | Gauntlet | Found a transporter.
 32456 | Gauntlet | Found a transporter.
 32458 | Gauntlet | Found a large runed translucent door.
 32458 | Gauntlet | Found a large runed translucent door.
 32479 | Gauntlet | Found a large runed translucent door.
 32479 | Gauntlet | Found a large runed translucent door.
 32481 | Gauntlet | Found a transporter.
 32568 | Gauntlet | Identified the ring of Vieklo Ysel {rElec rPois SInv}
 32636 | Gauntlet | Identified the +2 pair of gloves "Nien" {Int+2}
 32636 | Gauntlet | Identified the +1 ring mail of Makhleb's Whim {rCorr
                  | Slay+2}
 32975 | D:15     | Found Nuenao's Distillery.
 32990 | D:15     | Lost mutation: You are covered in fur. (AC +1) [potion of
                  | mutation]
 32990 | D:15     | Lost mutation: Your flesh is cold resistant. (rC+) [potion
                  | of mutation]
 32990 | D:15     | Gained mutation: Your flesh is heat resistant. (rF+)
                  | [potion of mutation]
 32990 | D:15     | Gained mutation: You are agile. (Dex +2) [potion of
                  | mutation]
 32991 | D:15     | Lost mutation: Your flesh is heat resistant. (rF+) [potion
                  | of mutation]
 32991 | D:15     | Lost mutation: You are agile. (Dex +2) [potion of mutation]
 32991 | D:15     | Gained mutation: Your spells are a little harder to cast,
                  | but a little more powerful. [potion of mutation]
 32991 | D:15     | Gained mutation: You passively map a small area around you.
                  | [potion of mutation]
 32991 | D:15     | Gained mutation: You possess an exceptional clarity of
                  | mind. [potion of mutation]
 33442 | D:15     | Found a staircase to the Depths.
 33936 | Orc:1    | Found a burning altar of Makhleb.
 34200 | Orc:2    | Found a staircase to the Elven Halls.
 34272 | Orc:2    | Killed Saint Roka
 35102 | Orc:2    | Found Coasos Oxky's Jewellery Boutique.
 35102 | Orc:2    | Found Azuta's Weapon Shoppe.
 35118 | Orc:2    | Found Laovygru's Magic Scroll Boutique.
 35118 | Orc:2    | Found Daffesump's Antique Armour Shoppe.
 35228 | Orc:2    | Bought a scroll of blinking for 97 gold pieces
 35228 | Orc:2    | Bought a scroll of blinking for 97 gold pieces
 35477 | Snake:1  | Entered Level 1 of the Snake Pit
 35484 | Snake:1  | Found a transporter.
 36066 | Snake:1  | Found a transporter.
 36265 | Snake:1  | Reached skill level 15 in Fire Magic
 36321 | Snake:1  | Identified the amulet "Putupuxo" {Spirit Int+2 Dex+4}
 36336 | Snake:1  | Identified the amulet "Xacridirch" {rElec rPois Regen+}
 36339 | Snake:1  | Identified the +6 shortbow "Arbiter" {vorpal, Dex+3}
 36370 | Snake:2  | Found Nowat's Assorted Antiques.
 36373 | Snake:2  | Noticed a nagaraja
 36378 | Snake:2  | Killed a nagaraja
 36379 | Snake:2  | Reached XP level 17. HP: 128/128 MP: 4/27
 36559 | Snake:2  | Bought a bound brass ring for 145 gold pieces
 36559 | Snake:2  | Identified the ring of the Hero {rCorr Str+2 Dex+6} (You
                  | bought it in a shop on level 2 of the Snake Pit)
 36906 | Snake:2  | Noticed Aizul
 36914 | Snake:2  | Killed Aizul
 37060 | Snake:2  | Found Tanunliu's Assorted Antiques.
 37077 | Snake:2  | Reached skill level 10 in Shields
 37151 | Snake:2  | Found Leamo's Assorted Antiques.
 37165 | Snake:2  | Bought a ring of intelligence for 68 gold pieces
 37188 | Snake:2  | Found Vanit's Antique Armour Shop.
 37888 | Snake:3  | Noticed Jorgrun
 37892 | Snake:3  | Killed Jorgrun
 38890 | Snake:4  | Entered Level 4 of the Snake Pit
 38890 | Snake:4  | Noticed Agnes
 38897 | Snake:4  | Killed Agnes
 39027 | Snake:4  | Reached skill level 16 in Fire Magic
 39982 | Snake:4  | Reached XP level 18. HP: 135/135 MP: 4/28
 40068 | Snake:4  | Reached skill level 10 in Staves
 41446 | Snake:4  | Reached skill level 17 in Fire Magic
 41528 | Snake:4  | Learned a level 8 spell: Ignition
 43105 | Snake:4  | Got a serpentine rune of Zot
 43288 | Lair:2   | Bought an emerald potion for 24 gold pieces
 43333 | Snake:2  | Bought a scroll of blinking for 217 gold pieces
 43410 | Swamp:1  | Entered Level 1 of the Swamp
 43570 | Swamp:1  | Reached XP level 19. HP: 121/141 MP: 13/29
 44867 | Swamp:2  | Reached skill level 18 in Fire Magic
 45202 | Swamp:2  | Identified a scroll of acquirement
 45204 | Swamp:2  | Acquired 747 gold pieces
 45575 | Swamp:3  | Learned a level 5 spell: Bolt of Magma
 46298 | Swamp:4  | Entered Level 4 of the Swamp
 46541 | Swamp:4  | Identified the amulet of Recklessness {Acrobat +Blink +Inv}
 46541 | Swamp:4  | Noticed a tentacled monstrosity
 46549 | Swamp:4  | Noticed psellion's ghost (adept DrIE)
 46557 | Swamp:4  | Found a runed translucent gate.
 46557 | Swamp:4  | Found a runed translucent gate.
 46559 | Swamp:4  | Found a runed translucent gate.
 47412 | Swamp:4  | Got a decaying rune of Zot
 47626 | Swamp:4  | Reached XP level 20. HP: 115/147 MP: 32/32
 47630 | Swamp:4  | Killed psellion's ghost
 47656 | Swamp:4  | Identified Uthrutiss's Compendium of Feathers
 48153 | Slime:1  | Entered Level 1 of the Pits of Slime
 48182 | Slime:1  | Reached skill level 19 in Fire Magic
 48529 | Slime:2  | Bought 2 scrolls of blinking for 315 gold pieces
 48529 | Slime:2  | Bought a scroll of holy word for 157 gold pieces
 48566 | Slime:3  | Gained mutation: You are frail. (-10% HP) [a shining eye]
 48658 | Slime:3  | Reached skill level 15 in Shields
 49344 | Snake:1  | Learned a level 7 spell: Orb of Destruction
 49600 | Slime:4  | Reached skill level 10 in Spellcasting
 50328 | Slime:5  | Entered Level 5 of the Pits of Slime
 50698 | Slime:5  | Noticed the Royal Jelly
 50701 | Slime:5  | Killed the Royal Jelly
 50702 | Slime:5  | Reached XP level 21. HP: 127/137 MP: 24/35
 51235 | Slime:5  | Reached skill level 20 in Fire Magic
 51533 | Slime:5  | Identified the +9 whip of the Smoking Seeker {protect,
                  | Fragile rF+ Will+ Int+4}
 51534 | Slime:5  | Identified the ring "Paofyobb" {Fire Dex+5}
 51537 | Slime:5  | Got a slimy rune of Zot
 51538 | Slime:5  | Identified the ring "Culill" {Fire rElec}
 51546 | Slime:5  | Identified the +4 plate armour "Asupaf" {Regen+}
 51561 | Slime:5  | Identified the Compendium of Mutagenic Ice
 51587 | Slime:5  | Identified the +1 falchion "Hydraslayer" {drain, rF- Str+4
                  | Dex+4}
 52463 | D:12     | You showed the slimy rune of Zot to enter a treasure trove
 52464 | Trove    | Entered a treasure trove
 52482 | Trove    | Identified the +9 lajatang "Ysyhiezi" {holy, rF+}
 52495 | Trove    | Identified the +5 quarterstaff "Trog's Outrage" {vorpal,
                  | rF+}
 52521 | D:12     | Acquired 518 gold pieces
 53106 | Orc:1    | Bought a potion of mutation for 112 gold pieces
 53106 | Orc:1    | Bought a potion of magic for 112 gold pieces
 53233 | D:15     | Bought a potion of mutation for 128 gold pieces
 53235 | D:15     | Lost mutation: You are frail. (-10% HP) [potion of
                  | mutation]
 53235 | D:15     | Lost mutation: You possess an exceptional clarity of mind.
                  | [potion of mutation]
 53235 | D:15     | Lost mutation: Your spells are a little harder to cast, but
                  | a little more powerful. [potion of mutation]
 53235 | D:15     | Lost mutation: You passively map a small area around you.
                  | [potion of mutation]
 53235 | D:15     | Gained mutation: You occasionally shout uncontrollably at
                  | your foes. [potion of mutation]
 53235 | D:15     | Gained mutation: You possess an exceptional clarity of
                  | mind. [potion of mutation]
 53235 | D:15     | Gained mutation: You sometimes yell uncontrollably at your
                  | foes. [potion of mutation]
 53235 | D:15     | Gained mutation: You are surrounded by a mild repulsion
                  | field. (EV +2) [potion of mutation]
 53451 | Elf:1    | Entered Level 1 of the Elven Halls
 53548 | Elf:1    | Noticed Nikola
 53568 | Elf:1    | Killed Nikola
 53838 | Elf:1    | Noticed Azrael
 53857 | Elf:1    | Killed Azrael
 54049 | Elf:1    | Found Tanov's Book Shop.
 54340 | Elf:1    | Identified Lutoek's Papyrus of Confrontation
 55246 | Elf:2    | Found Qinigg's Book Emporium.
 55597 | Elf:2    | Found a huge runed translucent gate.
 55597 | Elf:2    | Found a huge runed translucent gate.
 55597 | Elf:2    | Found a huge runed translucent gate.
 55597 | Elf:2    | Found a huge runed translucent gate.
 55598 | Elf:2    | Found a huge runed translucent gate.
 56178 | Elf:2    | Reached XP level 22. HP: 159/159 MP: 38/38
 56579 | Elf:3    | Entered Level 3 of the Elven Halls
 57129 | Elf:3    | Reached skill level 10 in Evocations
 57210 | Elf:3    | Identified the amulet of Aptuo {Faith SInv}
 57273 | Elf:3    | Identified the +9 war axe of Otyll {venom, *Rage rN+ MP+9
                  | Str+4}
 57296 | Elf:3    | Identified the ring of the Invisible Hand {Fire +Blink rN+
                  | Str+3}
 57404 | Elf:3    | Identified the +5 hand axe of the Beginning {drain, rC+
                  | Will+ Str-2}
 57687 | Elf:3    | Reached skill level 15 in Conjurations
 58160 | Elf:3    | Identified the ring "Lusi" {EV+4 Str+3}
 58251 | Elf:3    | Identified the +7 war axe of the Final Decision {holy, rC+
                  | Str+4 Dex-5 SInv}
 58282 | Elf:3    | Identified the +4 chain mail of Disguise {rPois rCorr
                  | Stlth+}
 59090 | Vaults:1 | Entered Level 1 of the Vaults
 59100 | D:14     | Bought a thin hardcover book for 480 gold pieces
 59202 | Vaults:1 | Reached skill level 21 in Fire Magic
 59945 | Vaults:1 | Reached XP level 23. HP: 164/164 MP: 40/40
 60228 | Vaults:1 | You fall into a shaft and drop 1 floor!
 60825 | Vaults:2 | Found a runed translucent gate.
 60825 | Vaults:2 | Found a runed translucent gate.
 60825 | Vaults:2 | Found a runed translucent gate.
 60825 | Vaults:2 | Identified the +5 chain mail of Minor Irritation {Regen+
                  | Dex+4 Stlth+}
 60825 | Vaults:2 | Noticed Qoinem's ghost (adept DDFi)
 60874 | Vaults:2 | Killed Qoinem's ghost
 60911 | Vaults:2 | Identified the +6 plate armour of the Earth {*Drain rCorr
                  | Stlth+}
 60912 | Vaults:2 | Identified the amulet "Afrutoj" {RegenMP rPois rN+ Int+4}
 62553 | Vaults:3 | Found a staircase to the Crypt.
 62814 | Vaults:3 | Noticed a dread lich
 62819 | Vaults:3 | Killed a dread lich
 63421 | Vaults:3 | Identified Sif Muna's Grimoire of Black Secrets and Ice
 63657 | Vaults:3 | Reached XP level 24. HP: 171/171 MP: 37/41
 64169 | Vaults:4 | Found Ebbam's Weapon Boutique.
 64328 | Vaults:4 | Found Gaublew's Book Shoppe.
 64353 | Vaults:4 | Found Wouw's General Store.
 64524 | Vaults:4 | Noticed Frederick
 64525 | Vaults:4 | Killed Frederick
 65323 | Vaults:4 | Found Soenaop's Magic Scroll Shoppe.
 66170 | D:14     | Bought a book of Annihilations for 1766 gold pieces
 66180 | D:14     | Learned a level 9 spell: Fire Storm
 66187 | D:14     | Learned a level 6 spell: Iron Shot
 66191 | D:14     | Bought a scroll of blinking for 135 gold pieces
 66242 | Depths:1 | Entered Level 1 of the Depths
 66245 | Depths:1 | Found a gateway to a ziggurat.
 66447 | Depths:1 | Found a gateway to Hell.
 66449 | Depths:1 | Reached skill level 1 in Earth Magic
 66658 | Depths:1 | Found a one-way gate to the infinite horrors of the Abyss.
 67237 | Depths:1 | Identified the +0 buckler "Hutuleqi" {rElec}
 67247 | Depths:1 | Reached skill level 22 in Fire Magic
 67669 | Depths:1 | Found a one-way gate leading to the halls of Pandemonium.
 67997 | Depths:2 | Reached skill level 5 in Earth Magic
 68021 | Depths:2 | Reached XP level 25. HP: 176/176 MP: 41/41
 68468 | Depths:2 | Found Egung's Assorted Antiques.
 68492 | Depths:2 | Bought the +2 shield of Resistance {rF++ rC++ Will++} for
                  | 1752 gold pieces
 68492 | Depths:2 | Found the +2 shield of Resistance {rF++ rC++ Will++}
 69438 | Depths:3 | Identified the +1 leather armour of the Iron City of Dis
                  | {Str+4}
 69754 | Depths:3 | Noticed an ancient lich
 69756 | Depths:3 | Killed an ancient lich
 70063 | Depths:3 | Paralysed by a floating eye for 2 turns
 70325 | Depths:3 | Reached XP level 26. HP: 182/182 MP: 41/41
 71304 | Depths:4 | Reached skill level 10 in Earth Magic
 72037 | Depths:4 | Found a basalt altar of Yredelemnul.
 72660 | Depths:4 | Reached XP level 27. HP: 176/189 MP: 41/41
 72718 | Depths:4 | Identified the ring of the Present {rC+ Int+2}
 72960 | Depths:5 | Entered Level 5 of the Depths
 73026 | Depths:5 | Found Hyomuis's Jewellery Shoppe.
 73031 | Depths:5 | Found Kutoan's Weapon Emporium.
 73032 | Depths:5 | Found Biuff's Book Shoppe.
 73044 | Depths:5 | Bought the ring of Compulsion {*Contam rF++ rC+ Int+6} for
                  | 1772 gold pieces
 73250 | Depths:5 | Found a runed translucent door.
 73250 | Depths:5 | Noticed a juggernaut
 73257 | Depths:5 | Noticed a juggernaut
 73272 | Depths:5 | Killed a juggernaut
 73573 | Depths:5 | Bought a +6 ring of intelligence for 702 gold pieces
 73790 | Depths:5 | Noticed Margery
 73794 | Depths:5 | Killed Margery
 74061 | Depths:5 | Found a gate to the Realm of Zot.
 74797 | Depths:5 | Killed a juggernaut
 75163 | Vaults:5 | Entered Level 5 of the Vaults
 75579 | Vaults:5 | Noticed an ancient lich
 75581 | Vaults:5 | Killed an ancient lich
 75582 | Vaults:5 | Reached skill level 15 in Spellcasting
 76344 | Vaults:5 | Learned a level 8 spell: Lehudib's Crystal Spear
 76359 | Vaults:5 | Got a silver rune of Zot
 76841 | Vaults:5 | Noticed Jory
 76844 | Vaults:5 | Killed Jory
 77049 | Vaults:5 | Found the +8 whip "Snakebite" {curare, rPois}
 77193 | Vaults:5 | Found Raasmiah's Distillery.
 77198 | Vaults:5 | Bought a potion of mutation for 112 gold pieces
 77198 | Vaults:5 | Bought a potion of haste for 140 gold pieces
 77198 | Vaults:5 | Bought a potion of magic for 112 gold pieces
 77198 | Vaults:5 | Bought a potion of heal wounds for 70 gold pieces
 77234 | Vaults:5 | Found Xikaf's Magic Scroll Boutique.
 77283 | Vaults:5 | Bought a scroll of blinking for 157 gold pieces
 77283 | Vaults:5 | Bought a scroll of blinking for 157 gold pieces
 77283 | Vaults:5 | Bought a scroll of blinking for 157 gold pieces
 77610 | Vaults:5 | Identified the +1 buckler of Instinct {*Corrode rN+++ Str-2
                  | SInv}
 77616 | Vaults:5 | Acquired 983 gold pieces
 77619 | Vaults:5 | Acquired 1017 gold pieces
 77621 | Vaults:5 | Acquired 740 gold pieces
 77940 | Zot:1    | Entered Level 1 of the Realm of Zot
 78445 | Zot:1    | Reached skill level 15 in Earth Magic
 79537 | Zot:2    | Noticed an orb of fire
 79538 | Zot:2    | Gained mutation: Your spells are a little harder to cast,
                  | but a little more powerful. [an orb of fire]
 79545 | Zot:2    | Killed an orb of fire
 79764 | Zot:2    | Gained mutation: You are dopey. (Int -2) [mutagenic glow]
 79775 | Zot:2    | Gained mutation: Your magical capacity is low. (-10% MP)
                  | [mutagenic glow]
 79799 | Zot:1    | Gained mutation: You are frail. (-10% HP) [mutagenic glow]
 80035 | D:15     | Bought a potion of cancellation for 128 gold pieces
 80163 | Orc:1    | Bought a potion of heal wounds for 70 gold pieces
 80163 | Orc:1    | Bought a potion of cancellation for 112 gold pieces
 80181 | Orc:1    | Bought a potion of heal wounds for 145 gold pieces
 80181 | Orc:1    | Bought a potion of cancellation for 232 gold pieces
 80181 | Orc:1    | Lost mutation: You are frail. (-10% HP) [potion of
                  | mutation]
 80181 | Orc:1    | Lost mutation: You are dopey. (Int -2) [potion of mutation]
 80181 | Orc:1    | Lost mutation: You sometimes yell uncontrollably at your
                  | foes. [potion of mutation]
 80181 | Orc:1    | Lost mutation: You possess an exceptional clarity of mind.
                  | [potion of mutation]
 80181 | Orc:1    | Gained mutation: You are partially covered in large bone
                  | plates. (SH +4) [potion of mutation]
 82104 | Zot:3    | You fall into a shaft and drop 1 floor!
 83463 | Zot:5    | Entered Level 5 of the Realm of Zot
 83492 | Zot:5    | Learned a level 9 spell: Shatter
 83899 | Zot:5    | Noticed an orb of fire
 83904 | Zot:5    | Killed an orb of fire
 84191 | Zot:5    | Noticed an ancient lich
 84194 | Zot:5    | Killed an ancient lich
 84204 | Zot:5    | Noticed an orb of fire
 84209 | Zot:5    | Killed an orb of fire
 84302 | Zot:5    | Noticed an orb of fire
 84306 | Zot:5    | Killed an orb of fire
 84604 | Zot:5    | Noticed an orb of fire
 84606 | Zot:5    | Noticed a dread lich
 84610 | Zot:5    | Killed a dread lich
 84622 | Zot:5    | Killed an orb of fire
 84946 | Zot:5    | Noticed an orb of fire
 84958 | Zot:5    | Killed an orb of fire
 85795 | Zot:5    | Got the Orb of Zot
 86143 | D:15     | Noticed Elite the pandemonium lord
 86497 | D:$      | Escaped with the Orb!

Illustrated notes

Levels and vault maps discovered:
D:1:      dpeg_arrival_water_altar, layout_loops_ring, minmay_cupped
D:2:      layout_loops_ring
D:3:      layout_basic, lemuel_round_altar, uniq_sigmund
D:4:      layout_gridville, grunt_temple_overflow_gold_and_silver, serial_shops,
          nicolae_shop_statue_plus, nicolae_underground_beach, uniq_edmund,
          uniq_grinder
D:5:      layout_basic, nicolae_overflow_crystal_walls, st_stairs_8,
          cheibriados_altar_1
D:6:      layout_basic, minmay_temple_entry_offerings,
          cheibrodos_sewer_entry_bend
D:7:      layout_basic
D:8:      layout_loops_ring, kennysheep_little_box, fountainhead, minivault_5,
          trog_butcher_becter
D:9:      layout_rooms, chequers_temple_overflow_minitemple,
          david_lair_shrubbed, orc_0_dummy, serial_shops,
          nicolae_shop_behind_doors, minmay_strange_pillars, minmay_nine_imps,
          uniq_erica
D:10:     layout_long_grid, st_stairs_7, grunt_decor_arrowhead,
          minmay_another_anthill
D:11:     hangedman_cross_stitches, layout_basic, serial_shops, shop,
          st_stairs_2, minmay_misc_feat_square, fedhas_bush_and_centaur_altar
D:12:     layout_rooms, nicolae_trove_entry_path_of_doom, serial_bayou,
          serial_bayou_pond_a, serial_bayou_lake_a, serial_bayou_pond_c,
          serial_bayou_lagoon_a, lightli_corner_chamber
D:13:     layout_irregular_city, portal_ice_cave_rime, uniq_erolcha,
          uniq_frances
D:14:     layout_long_grid, lightli_vaults_fourway_checkpoint,
          old_standard_altar, minmay_misc_feat_four_crosses, minivault_23,
          uniq_kirke
D:15:     grunt_enter_depths_magical_seal, layout_cave_pools, special_room
          [special_room_bee], serial_shops, nicolae_shop_stone, minivault_23,
          gauntlet_entry_generic
Lair:1:   layout_chaotic_city, gammafunk_ghost_split, uniq_gastronok,
          uniq_joseph
Lair:2:   layout_gridlike, minmay_swamp_entry_reptiles, dummy_snake_entry
Lair:3:   layout_gridlike, minmay_lair_oklob_chamber, serial_bayou_shore_b,
          serial_bayou_shore_a
Lair:4:   layout_regular_city, lightli_volcano_entry_magma_tube
Lair:5:   layout_roguey, slime_altar_2, grunt_megastairs_4, uniq_josephine
Lair:6:   minmay_lair_end_frog_pond, layout_hall_layers, serial_bayou_shore_b,
          serial_bayou_shore_b, infiniplex_staircase_pool
Swamp:1:  layout_basic_swamp, nicolae_swamp_small_spring, kb_tengu_band
Swamp:2:  layout_basic_swamp, evilmike_swamp_ruin_house_2
Swamp:3:  layout_basic_swamp, evilmike_swamp_ruin_rubble_2
Swamp:4:  swamp_basic_johnstein, layout_basic_swamp, gammafunk_ghost_split
Snake:1:  gammafunk_its_a_trap, layout_misc_corridors
Snake:2:  layout_onion_interference, serial_shops, shop,
          nicolae_shop_overgrown_old_shop, nicolae_shop_stone, shop, uniq_aizul
Snake:3:  layout_misc_corridors, uniq_jorgrun
Snake:4:  grunt_snake_rune_spirals, layout_onion, nicolae_snake_linked_coils,
          st_stairs_2, uniq_agnes
Slime:1:  layout_caves, amcnicky_altar_lugonu_corruption
Slime:2:  layout_caves
Slime:3:  layout_caves, nicolae_slime_phagocytosis, uniq_donald
Slime:4:  layout_caves
Slime:5
Orc:1:    layout_caves, serial_shops, nicolae_shop_behind_doors,
          nicolae_shop_crystal, shop_statue, bloody_makhleb, uniq_fannar
Orc:2:    grunt_orc_tribal_feast, layout_caves, nicolae_orc_lava_tube,
          bh_open_orc_temple, uniq_saint_roka
Elf:1:    layout_gridlike, serial_shops, nicolae_shop_crystal,
          minmay_elf_annihilation, st_stairs_11, uniq_azrael, uniq_nikola
Elf:2:    layout_geoelf_octagon, serial_shops, shop
Elf:3:    minmay_elf_hall_x, layout_onion_city, palyth_stone_intersect,
          hangedman_elven_crosses_minicolossus
Vaults:1: nicolae_vaults_big_angled_halls, hangedman_vaults_locks,
          nicolae_vaults_rhombus_6, st_cells, nicolae_vaults_sealed_display,
          vaults_mumra_hexcomb, ontoclasm_vaults_fault, vaults_room_fancy_cross,
          hangedman_vaults_impose, v_misc_33, v_misc_2, vaults_room_pool,
          layout_vaults_omnicross
Vaults:2: biasface_vaults_ghost_orc_armoury, v_misc_25, dpeg_vaults_monster_row,
          nicolae_vaults_little_squares_3, nicolae_vaults_ring_of_whatevers,
          vaults_room_pools, hangedman_vaults_stream, v_pattern_4,
          grunt_vaults_hallway_short, vaults_dpeg_encased_lava,
          grunt_vaults_focal, dpeg_vaults_monster_box, layout_vaults_big_room
Vaults:3: nicolae_vaults_display_case, hangedman_vaults_restitches,
          minmay_crypt_entry_vampire_xt, ontoclasm_vaults_ring_small,
          hangedman_vaults_stagger, v_misc_12, v_alt_pattern_5,
          ontoclasm_vaults_pinch, v_misc_23, v_misc_30,
          ontoclasm_vaults_ligature, v_alt_pattern_3, vaults_room_fours,
          nicolae_vaults_little_squares_6, vaults_dpeg_ring,
          layout_vaults_omnibox
Vaults:4: vaults_room_large_hall, vaults_dpeg_doors, st_more_cells, v_misc_2,
          hangedman_vaults_pinch, grunt_vaults_twisty, v_rooms_3, v_misc_3,
          v_alt_pattern_1, grunt_vaults_swirl, layout_vaults_quadrants,
          serial_shops, nicolae_shop_crystal, nicolae_shop_crystal,
          nicolae_shop_waterfront, shop, uniq_frederick
Vaults:5: uniq_jory
Depths:1: layout_gridlike, enter_ziggurat_c, minmay_misc_feat_enclosed,
          abyss_entry, rand_demon_pan_entry_4, hell_entry,
          minmay_the_grid_square_5x5_3x3_mashed
          [minmay_the_grid_square_5x5_gyroscope,
          minmay_the_grid_square_5x5_percent,
          minmay_the_grid_square_5x5_half_checkered,
          minmay_the_grid_square_5x5_shuriken,
          minmay_the_grid_square_5x5_megaprize_open,
          minmay_the_grid_square_5x5_dogpile,
          minmay_the_grid_square_5x5_checkered_sparse,
          minmay_the_grid_square_5x5_two, minmay_the_grid_square_5x5_trominoes],
          infiniplex_staircase_pool_lava
Depths:2: kennysheep_windowed_halls, layout_cave_pools, grunt_pan_entry_spiral,
          serial_shops, shop, hell_entry
Depths:3: lemuel_river_lethe, hell_entry, pan_entry
Depths:4: lemuel_vampire_tower, layout_cave_shapes, rand_demon_pan_entry_1,
          hell_entry, hex_medium, abyss_entry
Depths:5: grunt_zot_entry_alcove, layout_gridlike,
          abyss_entry_small_statue_room, hell_entry, minmay_hidden_floor,
          serial_bayou_shore_b, minmay_shop_star, uniq_margery
Zot:1:    kennysheep_ambush_hall, layout_twisted_circle
Zot:2:    layout_gridlike
Zot:3:    layout_misc_corridors
Zot:4:    layout_twisted_circle, grunt_megastairs_2
Zot:5:    layout_misc_corridors, lemuel_golem_globe

Skill      XL: |  1  2  3  4  5  6  7  8  9 10 11 12 13 14 15 16 17 18 19 20 21 22 23 24 25 26 27 |
---------------+----------------------------------------------------------------------------------+-----
Conjurations   | 2 3 4 5 6 9 11 12 13 14 15 17 18 19 21 | 21.7
Poison Magic   | 1 2 3 4 5 6 |  6.0
Air Magic      | 1 2 3 |  3.0
Fire Magic     | 1 12 14 15 16 17 18 19 20 21 22 | 22.5
Summonings     | 2 |  2.1
Translocations | 2 |  2.0
Spellcasting   | 4 5 6 7 8 10 12 13 14 17 | 17.0
Fighting       | 1 2 4 6 8 9 10 14 15 19 | 19.3
Dodging        | 5 7 8 10 11 12 13 14 | 14.0
Stealth        | 6 9 |  9.1
Evocations     | 2 6 7 9 11 12 14 | 14.0
Shields        | 4 6 9 11 13 14 15 | 15.0
Staves         | 2 6 8 9 11 12 | 12.0
Earth Magic    | 5 9 10 21 | 21.4

Action                   |  1- 3 |  4- 6 |  7- 9 | 10-12 | 13-15 | 16-18 | 19-21 | 22-24 | 25-27 || total
-------------------------+-------+-------+-------+-------+-------+-------+-------+-------+-------++-------
Melee: Dagger            |     3 |    29 |     7 |       |       |       |       |       |       ||    39
       Constrict         |     3 |    12 |    43 |    58 |    80 |    35 |    27 |    75 |    57 ||   390
       Short sword       |     5 |     9 |       |       |       |       |       |       |       ||    14
       Tentacles         |     1 |     6 |    28 |    62 |   122 |    86 |    69 |   150 |   144 ||   668
       Dire flail        |       |       |   208 |   370 |   289 |       |       |       |       ||   867
       Staff             |       |       |       |       |   195 |   352 |   237 |   550 |   446 ||  1780
Throw: Dart              |       |     4 |    17 |     2 |     8 |     1 |     2 |       |       ||    34
       Throwing net      |       |       |       |     1 |       |       |       |       |       ||     1
 Cast: Magic Dart        |    96 |   122 |   118 |    46 |    67 |       |       |       |       ||   449
       Call Imp          |     2 |    13 |    18 |       |     2 |    10 |       |       |       ||    45
       Mephitic Cloud    |       |     2 |    27 |    46 |    35 |       |       |       |       ||   110
       Blink             |       |     1 |       |       |     5 |     2 |       |       |     1 ||     9
       Conjure Flame     |       |       |     8 |       |     1 |       |       |       |       ||     9
       Fireball          |       |       |       |       |   163 |   345 |   185 |    21 |     4 ||   718
       Starburst         |       |       |       |       |    46 |    37 |    14 |     1 |       ||    98
       Ignition          |       |       |       |       |       |       |    78 |   133 |    57 ||   268
       Orb of Destructio |       |       |       |       |       |       |    54 |    48 |    33 ||   135
       Bolt of Magma     |       |       |       |       |       |       |     7 |     9 |    20 ||    36
       Fire Storm        |       |       |       |       |       |       |       |     5 |   262 ||   267
       Iron Shot         |       |       |       |       |       |       |       |       |    12 ||    12
       Lehudib's Crystal |       |       |       |       |       |       |       |       |    75 ||    75
       Shatter           |       |       |       |       |       |       |       |       |    14 ||    14
Invok: Call Merchant     |       |       |       |     1 |       |     4 |     1 |     5 |     1 ||    12
       Bribe Branch      |       |       |       |       |       |       |       |       |     2 ||     2
Evoke: Wand              |       |       |       |    13 |    16 |    20 |    20 |     3 |    16 ||    88
       Box of beasts     |       |       |       |     2 |     1 |     1 |     2 |     1 |       ||     7
       Phial of floods   |       |       |       |     1 |       |     2 |       |       |       ||     3
       Lightning rod     |       |       |       |       |     5 |       |     8 |       |       ||    13
       Phantom mirror    |       |       |       |       |     1 |     1 |       |     1 |       ||     3
       Tin of tremorston |       |       |       |       |       |       |     1 |     2 |     6 ||     9
       Condenser vane    |       |       |       |       |       |       |     1 |       |       ||     1
  Use: Scroll            |       |       |    14 |     5 |    10 |     7 |     6 |     1 |     8 ||    51
       Potion            |       |       |     2 |     8 |     4 |     2 |     1 |     1 |    13 ||    31
 Stab: Sleeping          |       |     1 |     8 |    23 |    14 |     2 |     2 |    11 |     5 ||    66
       Confused          |       |       |     5 |     9 |    19 |       |       |       |       ||    33
       Distracted        |       |       |     1 |     5 |     3 |    13 |     4 |    11 |     8 ||    45
       Held in net/web   |       |       |       |     1 |       |       |       |       |       ||     1
       Paralysed         |       |       |       |     3 |     5 |       |       |       |       ||     8
Armor: Skin              |     2 |     2 |     9 |    75 |    97 |    26 |    21 |    17 |    37 ||   286
Dodge: Dodged            |    26 |    31 |   143 |   258 |   486 |   260 |   100 |   170 |   211 ||  1685
Block: Kite shield       |       |       |       |       |       |   215 |   134 |   263 |   248 ||   860

Table legend: (Time is in decaauts)
 A = Elapsed time spent in this place.
 B = Non-inter-level travel time spent in this place.
 C = Inter-level travel time spent in this place.
 D = Time resting spent in this place.
 E = Time spent auto-exploring this place.
 F = Levels seen in this place.
 G = Mean time per level.
                   A        B        C        D        E       F      G
               +--------+--------+--------+--------+--------+-----+--------+
         Total |  88432 |  80300 |   8132 |   9555 |  52910 |  59 | 1498.8 |
       Dungeon |  23436 |  20247 |   3189 |   2030 |  13962 |  15 | 1562.4 |
          Lair |  10195 |   8804 |   1391 |   1186 |   5307 |   6 | 1699.2 |
         Swamp |   4550 |   4368 |    182 |    214 |   3286 |   4 | 1137.5 |
     Snake Pit |   7954 |   7423 |    531 |    657 |   5114 |   4 | 1988.5 |
    Slime Pits |   3859 |   3611 |    248 |   1733 |   1068 |   5 |  771.8 |
  Orcish Mines |   2232 |   1950 |    282 |     49 |   1375 |   2 | 1116.0 |
   Elven Halls |   5718 |   5536 |    182 |    264 |   4125 |   3 | 1906.0 |
        Vaults |  10210 |   9519 |    691 |   1121 |   6806 |   5 | 2042.0 |
        Depths |   9794 |   8834 |    960 |    594 |   6280 |   5 | 1958.8 |
           Zot |   7503 |   7031 |    472 |   1200 |   4571 |   5 | 1500.6 |
         Trove |     50 |     50 |      0 |      0 |      5 |   1 |   50.0 |
         Sewer |    926 |    926 |      0 |      0 |    494 |   1 |  926.0 |
      Ice Cave |   1196 |   1196 |      0 |    403 |    511 |   1 | 1196.0 |
       Volcano |    291 |    291 |      0 |     63 |      0 |   1 |  291.0 |
      Gauntlet |    513 |    513 |      0 |     41 |      3 |   1 |  513.0 |
               +--------+--------+--------+--------+--------+-----+--------+

Top non-repeatable levels by time:
 Snake:4: 3755 daAuts
Vaults:4: 2874 daAuts
   Zot:5: 2401 daAuts
   Elf:3: 2398 daAuts
Depths:5: 2379 daAuts
Vaults:3: 2192 daAuts
     D:5: 2158 daAuts
Depths:4: 2131 daAuts
   Zot:1: 2084 daAuts
Depths:3: 2044 daAuts
  Lair:5: 2036 daAuts
   Elf:2: 1899 daAuts
  Lair:2: 1832 daAuts
 Swamp:4: 1819 daAuts
Depths:1: 1800 daAuts
